 Dungeon Crawl Stone Soup version 0.29-a0-911-g88e6f02907 (webtiles) character file.

Game seed: 17984298076851931350

2398 Hubjo the Changer (level 9, -3/68 HPs)
             Began as a Demonspawn Transmuter on July 25, 2022.
             Was the Champion of Jiyva.
             Slain by a hornet (9 damage)
             ... on level 7 of the Dungeon.
             The game lasted 00:15:31 (6970 turns).

Hubjo the Changer (Demonspawn Transmuter)           Turns: 6970, Time: 00:15:32

Health: -3/68      AC: 12    Str:  9    XL:     9   Next: 23%
Magic:  16/16      EV: 13    Int: 27    God:    Jiyva [******]
Gold:   283        SH:  0    Dex: 17    Spells: 13/18 levels left

rFire   + . .      SeeInvis .     - Unarmed
rCold   . . .      Faith    +   (no shield)
rNeg    . . .      Spirit   .   a - +1 robe
rPois   .          Reflect  .   (helmet currently unavailable)
rElec   +          Harm     .   (no cloak)
rCorr   +          Rampage  .   (no gloves)
Will    .....                   (boots currently unavailable)
Stlth   +++++.....              l - amulet of faith
HPRegen 1.81/turn               j - ring of protection from fire
MPRegen 0.80/turn               (no ring)

@: lethally poisoned (-3 -> -3), about to teleport, appendages, sanguine
armoured, slowed, very slow
A: talons 2, antennae 2, foul stench 1, magic regeneration, sanguine armour 2,
thin skeletal structure 3, clever 2, electricity resistance, acidic bite,
gelatinous body 1, pseudopods 1, jelly absorbing missiles
a: End Transformation, Renounce Religion, Oozemancy, Slimify


You were on level 7 of the Dungeon.
You worshipped Jiyva.
Jiyva was exalted by your worship.
You had temporarily grown beastly talons.
You visited 1 branch of the dungeon, and saw 7 of its levels.

You collected 283 gold pieces.

Inventory:

Armour
 a - a +1 robe (worn)
Jewellery
 g - an amulet of reflection
 j - a ring of protection from fire (left hand)
 l - an amulet of faith (around neck)
 p - an amulet of regeneration
Wands
 b - a wand of mindburst (11)
 m - a wand of flame (5)
Scrolls
 f - a scroll of fog
 h - a scroll of magic mapping {unknown}
 i - a scroll of teleportation
 k - a scroll of immolation
Potions
 c - 2 potions of attraction
 d - a potion of degeneration
 e - a potion of heal wounds


   Skills:
 + Level 5.4 Fighting
 - Level 1.7 Dodging
 + Level 5.4 Unarmed Combat
 + Level 5.0 Spellcasting
 * Level 6.7 Transmutations
 + Level 4.0 Ice Magic


You had 13 spell levels left.
You knew the following spells:

 Your Spells              Type           Power      Damage    Failure   Level
a - Beastly Appendage     Tmut           86%        N/A       1%          1
b - Ice Form              Ice/Tmut       35%        N/A       8%          4

Your spell library contained the following spells:

 Spells                   Type           Power      Damage    Failure   Level
 Wereblood                Tmut           43%        N/A       1%          2
 Ensorcelled Hibernation  Hex/Ice        34%        N/A       4%          2
 Spider Form              Tmut/Pois      24%        N/A       5%          3
 Shock                    Conj/Air       24%        1d4       7%          1
 Swiftness                Air            6%         N/A       22%         3
 Airstrike                Air            3%         0-2+      56%         4
 Anguish                  Hex/Necr       3%         N/A       56%         4


Dungeon Overview and Level Annotations

Branches:
Dungeon (7/15)             Temple (0/1) D:4

Altars:
Dithmenos
Makhleb
Nemelex Xobeh
Ru
Jiyva

Shops:
D:5 =!:

Annotations:
D:2 Terence
D:3 3 runed translucent doors, Heh's ghost, amateur MiMo; greasedhog's ghost, amateur GrMo


Innate Abilities, Weirdness & Mutations

You have temporarily grown beastly talons.
You have a pair of antennae on your head.
You may rarely emit foul miasma when damaged in melee.
You regenerate magic rapidly.
When seriously injured, your blood forms thick armour. (AC +9)
You have an unnaturally thin skeletal structure. (Dex +6, Stealth+++)
Your mind is very acute. (Int +8, Str/Dex -2)
You are resistant to electric shocks. (rElec)
You have acidic saliva.
Your rubbery body absorbs attacks. (AC +1, EV +1)
Armour fits poorly on your pseudopods.
You have a small jelly attached to you that may absorb projectiles.


Message History

Press: ? - help, Shift-Dir - straight line, f - hornet
Aim: a hornet (lightly wounded, chance to affect: 55%)
The hornet's mind is blasted!
You feel sick. The hornet barely misses you. The hornet closely misses you.
The jelly barely misses the hornet.
Aiming: Throw Flame
Press: ? - help, Shift-Dir - straight line, f/p - hornet
Aim: a hornet (moderately wounded, 52% to hit)
The puff of flame misses the hornet.
You feel sick.
The hornet stings you but does no damage.
The jelly hits the hornet but does no damage.
The hornet stings you!
You feel as though you will be slow longer.
You miss the hornet. Your bite misses the hornet.
The hornet is moderately wounded.
You feel sick.
You are no longer poisoned.
The hornet closely misses you. The hornet stings you!
* * * LOW HITPOINT WARNING * * *
You are poisoned.
You feel as though you will be slow longer.
As you read the scroll of teleportation, it crumbles to dust.
You feel strangely unstable.
You feel very sick. The hornet stings you.
* * * LOW HITPOINT WARNING * * *
You feel as though you will be slow longer.
The hornet misses you. The hornet closely misses you.
You hit the hornet. You punch the hornet, but do no damage.
Your bludgeon misses the hornet.
The hornet is heavily wounded.
You feel very sick. The hornet misses you. The hornet stings you.
* * * LOW HITPOINT WARNING * * *
You feel as though you will be slow longer.
You hit the hornet but do no damage. Your bite misses the hornet.
The hornet is heavily wounded.
You feel sick.
The hornet stings you but does no damage.
The hornet stings you!
You die...

#............§§..#.#.#.##.##.#
#####.......§.§§.#.#...#......
#........§§§.#.##..#......
#.......§§...#.##..#......
#.........####.##..#......
#.........# #.#..........
#########.####.#.......#+#
#......#.#.......#.#
#..@...#.#.......'.#
##.Jy...#.#.......#.#
#.......#.#.......#.#
##.......#.#.......+.#
..........##.#.......#.#
......J.J....#.......#.#
.###.##.####.#####..##.#
###.##.## #.#..........
........###.#.....<....


You could see a hornet and 3 neutral jellies (fellow slime).

Vanquished Creatures
  Grinder (D:3)
  Sigmund (D:3)
  A vampire (D:6)
  2 steam dragons
  A water moccasin (D:7)
  An orc warrior (D:7)
  A hornet zombie (D:7)
  2 ogres
  3 kobold brigands
  2 scorpions
  2 wyvern zombies (D:7)
  4 wights (D:7)
  A bullfrog zombie (D:7)
  2 centaur zombies (D:7)
  2 hounds
  3 orc priests
  An iguana (D:7)
  Natasha (twice) (D:2)
  A killer bee zombie (D:7)
  3 gnolls (D:4)
  5 adders
  A shadow imp (D:6)
  A white imp (D:5)
  A worm (D:2)
  A dart slug (D:1)
  10 orcs
  3 ball pythons (D:1)
  3 endoplasms (D:1)
  4 giant cockroaches
  8 goblins
  6 hobgoblins
  A jackal (D:2)
  21 kobolds
  5 quokkas
  4 bats
  2 kobold zombies (D:4)
  2 orc zombies (D:4)
  9 rats
123 creatures vanquished.

Vanquished Creatures (others)
  2 phantoms (D:5)
  A necrophage (D:7)
  A wight (D:7)
  A howler monkey (D:5)
  15 jellies
  A centaur zombie (D:7)
  A hound (D:4)
  Natasha (D:2)
  A killer bee zombie (D:7)
  A mummy (D:4)
  A howler monkey zombie (D:7)
  A gnoll (D:4)
  2 adders
  A worm (D:2)
  2 endoplasms (D:2)
  9 orcs
  2 bats (D:3)
  A goblin (D:3)
  A hobgoblin (D:2)
  4 jackals (D:4)
  5 quokkas
  2 ball pythons
  2 rats (D:3)
58 creatures vanquished.

Grand Total: 181 creatures vanquished

Notes
Turn   | Place    | Note
-------+----------+-------------------------------------------
     0 | D:1      | Hubjo the Demonspawn Transmuter began the quest for the
                  | Orb.
     0 | D:1      | Reached XP level 1. HP: 15/15 MP: 3/3
   402 | D:1      | Gained mutation: You regenerate magic rapidly. [demonic
                  | ancestry]
   402 | D:1      | Reached XP level 2. HP: 21/21 MP: 3/5
   524 | D:1      | Reached skill level 2 in Transmutations
  1381 | D:2      | Gained mutation: You may rarely emit foul miasma when
                  | damaged in melee. [demonic ancestry]
  1381 | D:2      | Reached XP level 3. HP: 27/27 MP: 6/6
  1655 | D:2      | Reached XP level 4. HP: 30/34 MP: 7/7
  1694 | D:2      | Learned a level 4 spell: Ice Form
  1725 | D:2      | Noticed Natasha
  1731 | D:2      | Killed Natasha
  1877 | D:2      | Found a faded altar of an unknown god.
  1886 | D:2      | Noticed Natasha
  1890 | D:2      | Killed Natasha
  1894 | D:2      | Prayed at the altar of an unknown god.
  1894 | D:2      | Became a worshipper of Jiyva Jutz the Shapeless
  1894 | D:2      | Reached * piety under Jiyva
  2025 | D:2      | Noticed Terence
  2232 | D:2      | Killed Natasha
  2327 | D:2      | Reached ** piety under Jiyva
  2387 | D:2      | Gained mutation: You have a pair of small antennae on your
                  | head. [demonic ancestry]
  2387 | D:2      | Reached XP level 5. HP: 39/39 MP: 9/9
  2584 | D:3      | Found a burning altar of Makhleb.
  2587 | D:3      | Found a runed translucent gate.
  2587 | D:3      | Found a runed translucent gate.
  2587 | D:3      | Found a runed translucent gate.
  2683 | D:3      | Reached skill level 3 in Transmutations
  2768 | D:3      | Reached skill level 1 in Ice Magic
  2823 | D:3      | Noticed Sigmund
  2842 | D:3      | Killed Sigmund
  2843 | D:3      | Gained mutation: When seriously injured, your blood forms
                  | armour. (AC +9) [demonic ancestry]
  2843 | D:3      | Reached XP level 6. HP: 43/47 MP: 10/10
  2976 | D:3      | Noticed greasedhog's ghost (amateur GrMo)
  2977 | D:3      | Noticed Heh's ghost (amateur MiMo)
  3002 | D:3      | Found a shadowy altar of Dithmenos.
  3091 | D:3      | Noticed Grinder
  3109 | D:3      | Paralysed by Grinder for 5 turns
  3118 | D:3      | Paralysed by Grinder for 4 turns
  3130 | D:3      | Paralysed by Grinder for 2 turns
  3136 | D:3      | Killed Grinder
  3137 | D:3      | Reached skill level 4 in Transmutations
  3137 | D:3      | Gained mutation: When seriously injured, your blood forms
                  | thick armour. (AC +9) [demonic ancestry]
  3137 | D:3      | Reached XP level 7. HP: 22/52 MP: 10/12
  3376 | D:4      | Reached *** piety under Jiyva
  3376 | D:4      | Lost mutation: You have razor-sharp toenails. [Jiyva's
                  | grace]
  3376 | D:4      | Gained mutation: Your rubbery body absorbs attacks. (AC +1,
                  | EV +1) [Jiyva's grace]
  3376 | D:4      | Gained mutation: Your pliable body absorbs attacks. (AC +2,
                  | EV +2) [Jiyva's grace]
  3376 | D:4      | Gained mutation: Your gelatinous body deflects attacks. (AC
                  | +3, EV +3) [Jiyva's grace]
  3376 | D:4      | Gained mutation: You have acidic saliva. [Jiyva's grace]
  3633 | D:4      | Found a staircase to the Ecumenical Temple.
  3867 | D:4      | Reached **** piety under Jiyva
  4194 | D:5      | Entered Level 5 of the Dungeon
  4394 | D:5      | Found Fashaot's Jewellery Shoppe.
  4434 | D:5      | Found Yse Busuro's Distillery.
  4491 | D:5      | Found Figocon's Book Shoppe.
  4596 | D:5      | Reached skill level 5 in Transmutations
  4706 | D:5      | Reached XP level 8. HP: 59/60 MP: 12/14
  4810 | D:5      | Reached ***** piety under Jiyva
  4846 | D:5      | Lost mutation: Your gelatinous body deflects attacks. (AC
                  | +3, EV +3) [Jiyva's grace]
  4846 | D:5      | Gained mutation: You have a small jelly attached to you
                  | that may absorb projectiles. [Jiyva's grace]
  4846 | D:5      | Gained mutation: Your mind is acute. (Int +4, Str/Dex -1)
                  | [Jiyva's grace]
  4846 | D:5      | Gained mutation: Your mind is very acute. (Int +8, Str/Dex
                  | -2) [Jiyva's grace]
  4846 | D:5      | Gained mutation: Armour fits poorly on your pseudopods.
                  | [Jiyva's grace]
  5128 | D:5      | Found a sparkling altar of Nemelex Xobeh.
  5868 | D:6      | Found a sacrificial altar of Ru.
  6176 | D:6      | Identified the +6 whip of the Uplifting Saviour {freeze,
                  | Will+}
  6251 | D:7      | Reached skill level 6 in Transmutations
  6278 | D:7      | Reached skill level 5 in Unarmed Combat
  6289 | D:7      | Reached skill level 5 in Fighting
  6440 | D:7      | Gained mutation: You have a pair of antennae on your head.
                  | [demonic ancestry]
  6440 | D:7      | Reached XP level 9. HP: 45/67 MP: 16/16
  6731 | D:7      | Lost mutation: Your pliable body absorbs attacks. (AC +2,
                  | EV +2) [Jiyva's grace]
  6731 | D:7      | Gained mutation: You are resistant to electric shocks.
                  | (rElec) [Jiyva's grace]
  6731 | D:7      | Gained mutation: You have a somewhat thin skeletal
                  | structure. (Dex +2, Stealth+) [Jiyva's grace]
  6731 | D:7      | Gained mutation: You have a moderately thin skeletal
                  | structure. (Dex +4, Stealth++) [Jiyva's grace]
  6731 | D:7      | Gained mutation: You have an unnaturally thin skeletal
                  | structure. (Dex +6, Stealth+++) [Jiyva's grace]
  6770 | D:7      | Reached skill level 5 in Spellcasting
  6797 | D:7      | Reached ****** piety under Jiyva
  6962 | D:7      | Paralysed by a hornet for 3 turns
  6970 | D:7      | Slain by a hornet

Illustrated notes

Levels and vault maps discovered:
D:1:      scummos_arrival_gate, layout_loops_ring, minmay_tromino_v4_b
D:2:      layout_basic, hellmonk_ecumenical_altar_pennies_from_heaven,
          minmay_quadrilaterals, uniq_terence, uniq_natasha
D:3:      layout_basic, mainiacjoe_overflow_catch_the_wave,
          gammafunk_ghost_cemetery, uniq_grinder, uniq_sigmund
D:4:      cheibrodos_quashed, layout_loops_corners, minmay_temple_entry_hall,
          minmay_mini_ossuary
D:5:      layout_layer_cave, nemelex_spade_bored_becter, serial_shops,
          kennysheep_mini_moat, shop, nicolae_shop_trees,
          hangedman_decor_points, kennysheep_cluttered_room
D:6:      layout_rooms, nicolae_ru_awakened_eye, hex_tiny
D:7:      layout_basic, serial_undead, serial_undead_e, serial_undead_b,
          serial_undead_a, serial_undead_d, serial_undead_b, serial_undead_a,
          serial_undead_e, serial_undead_a

Skill      XL: |  1  2  3  4  5  6  7  8  9 |
---------------+----------------------------+-----
Transmutations | 2 3 4 5 6 |  6.7
Fighting       | 2 3 4 5 |  5.4
Unarmed Combat | 3 4 5 |  5.4
Ice Magic      | 1 2 3 4 |  4.0
Spellcasting   | 3 4 5 |  5.0
Dodging        | |  1.7

Action                   |  1- 3 |  4- 6 |  7- 9 || total
-------------------------+-------+-------+-------++-------
Melee: Unarmed           |    85 |    96 |   443 ||   624
       Kick              |    23 |    31 |   114 ||   168
       Headbutt          |    13 |    11 |       ||    24
       Punch             |     1 |       |    11 ||    12
       Bite              |       |       |    38 ||    38
       Pseudopods        |       |       |    60 ||    60
 Cast: Beastly Appendage |    26 |    23 |    31 ||    80
       Ice Form          |       |       |     2 ||     2
Evoke: Wand              |       |       |     4 ||     4
  Use: Scroll            |       |     5 |     7 ||    12
       Potion            |       |     1 |     6 ||     7
 Stab: Sleeping          |     3 |     1 |     1 ||     5
Armor: Robe              |    16 |    10 |    80 ||   106
       Skin              |       |       |    43 ||    43
Dodge: Dodged            |    53 |    37 |   308 ||   398
Block: Other             |    12 |    10 |       ||    22

Table legend: (Time is in decaauts)
 A = Elapsed time spent in this place.
 B = Non-inter-level travel time spent in this place.
 C = Inter-level travel time spent in this place.
 D = Time resting spent in this place.
 E = Time spent auto-exploring this place.
 F = Levels seen in this place.
 G = Mean time per level.
                   A        B        C        D        E       F      G
               +--------+--------+--------+--------+--------+-----+--------+
         Total |   6933 |   6738 |    195 |      0 |   5525 |   7 |  990.4 |
       Dungeon |   6933 |   6738 |    195 |      0 |   5525 |   7 |  990.4 |
               +--------+--------+--------+--------+--------+-----+--------+

Top non-repeatable levels by time:
     D:5: 1388 daAuts
     D:2: 1336 daAuts
     D:1: 1237 daAuts
     D:4: 914 daAuts
     D:7: 773 daAuts
     D:3: 694 daAuts
     D:6: 589 daAuts
